 Dungeon Sprint DCSS version 0.26-a0-259-g1effd001a9 (webtiles) character file.

Game seed: 11932635966591085071

3158 jt the Arsonist (level 9, 0/71 HPs)
             Began as a Black Draconian Fire Elementalist on July 19, 2020.
             Was an Initiate of Gozag.
             Slain by a deep elf knight
             ... wielding a +0 long sword
              (20 damage)
             ... in the Dungeon (Sprint III: "The Ten Rune Challenge").
             The game lasted 00:08:46 (1528 turns).

jt the Arsonist (Black Draconian Fire Elementalist) Turns: 1528, Time: 00:08:49

Health: 0/71       AC:  8    Str: 11    XL:     9   Next: 62%
Magic:  2/24       EV: 12    Int: 19    God:    Gozag
Gold:   2623       SH:  0    Dex: 11    Spells: 13/31 levels left

rFire    . . .     SeeInvis .   a - +2 dagger (venom)
rCold    . . .     Faith    .   (no shield)
rNeg     . . .     Spirit   .   (armour unavailable)
rPois    .         Reflect  .   (helmet restricted)
rElec    +         Harm     .   (no cloak)
rCorr    .         NoTele   +   (no gloves)
MR       .....                  (no boots)
Stlth    ++........             (no amulet)
HPRegen  0.21/turn              (no ring)
MPRegen  0.19/turn              (no ring)

@: short of breath, lightly drained
A: breathe lightning, unfitting armour, shaggy fur 1, electricity resistance,
evolution 1, cold-blooded, AC +7
a: Breathe Lightning, Potion Petition, Call Merchant, Bribe Branch, Renounce
Religion


You were in the Dungeon.
You worshipped Gozag.
Gozag was most pleased with you.
You were not hungry.

You visited 1 branch You collected 2963 gold pieces.
You spent 340 gold pieces at shops.

Inventory:

Hand Weapons
 a - a +2 dagger of venom (weapon)
 s - a +2 dagger of electrocution
 t - a +0 long sword of holy wrath
 v - a +0 trident
Missiles
 i - 14 arrows
 p - 20 bolts
 u - 5 boomerangs (quivered)
Wands
 q - a wand of flame (23)
Scrolls
 h - a scroll of blinking
 k - 3 scrolls of identify
 l - 4 scrolls of remove curse
 n - 3 scrolls of immolation {unknown}
Potions
 c - 3 potions of curing
 d - 2 potions of heal wounds
 e - a potion of haste
 f - 2 potions of magic
 g - 4 potions of mutation
 m - a potion of invisibility {unknown}
 o - a potion of flight {unknown}
 r - a potion of might
 w - a potion of lignification
 x - a potion of ambrosia
Comestibles
 b - 7 rations


   Skills:
 + Level 3.7(3.2) Fighting
 - Level 1.7(1.2) Dodging
 - Level 1.7(1.2) Stealth
 + Level 11.6(11.0) Spellcasting
 + Level 12.3(11.7) Conjurations
 + Level 3.5(3.0) Translocations
 + Level 12.6(11.9) Fire Magic
 - Level 2.0(1.4) Poison Magic


You had 13 spell levels left.
You knew the following spells:

 Your Spells              Type           Power        Failure   Level
a - Foxfire               Conj/Fire      ####         1%          1
b - Conjure Flame         Conj/Fire      ######..     1%          3
c - Mephitic Cloud        Conj/Pois/Air  ####....     3%          3
d - Sticky Flame          Conj/Fire      ######..     1%          4
e - Fireball              Conj/Fire      ######....   1%          5
f - Blink                 Tloc           N/A          3%          2

Your spell library contained the following spells:

 Spells                   Type           Power        Failure   Level
 Magic Dart               Conj           ####         1%          1
 Inner Flame              Hex/Fire       ####....     1%          3
 Call Imp                 Summ           ##......     10%         2
 Slow                     Hex            ##......     10%         2


Dungeon Overview and Level Annotations

Branches:
Dungeon (1/1)

Altars:
Cheibriados
Dithmenos
Elyvilon
Fedhas
Gozag
Hepliaklqana
Kikubaaqudgha
Makhleb
Nemelex Xobeh
Okawaru
Qazlal
Ru
Sif Muna
Trog
Uskayaw
Vehumet
Wu Jian
Xom
Yredelemnul
Zin
The Shining One
Beogh
Jiyva
Lugonu

Shops:
D !


Innate Abilities, Weirdness & Mutations

You can breathe wild blasts of lightning.
Your glossy black scales are hard. (AC +7)
You cannot fit into any form of body armour.
You are resistant to electric shocks. (rElec)
You are cold-blooded and may be slowed by cold attacks.
You are covered in fur. (AC +1)
You evolve.


Message History

The deep elf knight closely misses you.
You hit the deep elf knight.
The deep elf knight is poisoned.
The deep elf knight is severely wounded.
The deep elf knight hits you with a +0 long sword!!
* * * LOW HITPOINT WARNING * * *
You feel much better.
The deep elf knight hits you but does no damage.
Press: ? - help, v - describe, . - travel
Here: a deep elf mage, wielding a +0 rapier (heavily wounded)
The floor.
Okay, then.
Okay, then.
As you read the scroll labeled LULOIS CENIMACIMYTH, it crumbles to dust.
Your body is wracked with pain!
* * * LOW HITPOINT WARNING * * *
The deep elf knight convulses!
The deep elf mage convulses!
It was a scroll of torment.
The deep elf knight hits you with a +0 long sword!!
You die...
Your body crumbles into a pile of gold.

▓▓▓▓▓▓
#######.##.#############
___#__#.#..#.##.@ee#...#
__.#._#...).....##E#...##≈
)###'##.))).....##.#...≈≈≈
..[...#..)......##$#...##≈
).....#)∩##..##.##.EE..#
#####)#)#..#############
__#...#'#####
__#..)#..§§§+
__#..)#.#§≈§#


You could see a deep elf knight (poisoned), an earth elemental (summoned) and a
deep elf mage.

Vanquished Creatures
  Josephine (D)
  A deep elf knight (D)
  2 deep elf magi (D)
  A shadow (D)
  A spatial vortex (D)
  A necrophage (D)
  A water elemental (D)
  A jelly (D)
  4 orc priests (D)
  A wizard (D)
  A necromancer (D)
  2 orc wizards (D)
  3 humans (D)
  A kobold demonologist (D)
  A wolf (D)
  2 oozes (D)
  12 orcs (D)
  2 rats (D)
38 creatures vanquished.

Vanquished Creatures (others)
  44 foxfires (D)
  2 plants (D)
46 creatures vanquished.

Grand Total: 84 creatures vanquished

Notes
Turn   | Place    | Note
-------+----------+-------------------------------------------
     0 | D        | jt the Draconian Fire Elementalist began the quest for the
                  | Orb.
     0 | D        | Reached XP level 1. HP: 14/14 MP: 3/3
    12 | D        | Reached XP level 2. HP: 13/20 MP: 0/5
   223 | D        | Reached XP level 3. HP: 26/26 MP: 4/8
   248 | D        | Gained mutation: You are covered in fur. (AC +1) [potion of
                  | mutation]
   248 | D        | Gained mutation: You evolve. [potion of mutation]
   320 | D        | Learned a level 3 spell: Conjure Flame
   327 | D        | Noticed a water elemental
   330 | D        | Killed a water elemental
   330 | D        | Reached skill level 5 in Spellcasting
   330 | D        | Reached skill level 5 in Conjurations
   330 | D        | Reached skill level 5 in Fire Magic
   330 | D        | Reached XP level 4. HP: 33/33 MP: 6/11
   377 | D        | Learned a level 4 spell: Sticky Flame
   389 | D        | Found a shadowy altar of Dithmenos.
   389 | D        | Noticed a necrophage
   391 | D        | Found a basalt altar of Yredelemnul.
   391 | D        | Found a sacrificial altar of Ru.
   397 | D        | Killed a necrophage
   397 | D        | Reached XP level 5. HP: 22/38 MP: 4/13
   537 | D        | Noticed a shadow
   552 | D        | Killed a shadow
   552 | D        | Reached XP level 6. HP: 10/45 MP: 7/16
   758 | D        | Learned a level 5 spell: Fireball
   783 | D        | Found a blossoming altar of Fedhas.
   783 | D        | Found a stormy altar of Qazlal.
   784 | D        | Found a snail-covered altar of Cheibriados.
   784 | D        | Found a burning altar of Makhleb.
   784 | D        | Found a hazy altar of Hepliaklqana.
   784 | D        | Found a shimmering altar of Xom.
   784 | D        | Found an opulent altar of Gozag.
   784 | D        | Found a sparkling altar of Nemelex Xobeh.
   784 | D        | Found a corrupted altar of Lugonu.
   784 | D        | Found a viscous altar of Jiyva.
   784 | D        | Noticed a spatial vortex
   792 | D        | Became a worshipper of Gozag Ym Sagoz the Greedy
   817 | D        | Killed a spatial vortex
   874 | D        | Found a hide-covered altar of Uskayaw.
   874 | D        | Found an iron altar of Okawaru.
   875 | D        | Found a roughly hewn altar of Beogh.
   875 | D        | Found a bloodstained altar of Trog.
   875 | D        | Found an ornate altar of the Wu Jian Council.
   875 | D        | Noticed a human
   875 | D        | Noticed a human
   883 | D        | Killed a human
   883 | D        | Your scales start taking on a glossy black colour.
   883 | D        | Reached XP level 7. HP: 46/50 MP: 8/19
   883 | D        | Gained mutation: You are resistant to electric shocks.
                  | (rElec) [Black Draconian growth]
   886 | D        | Killed a human
   886 | D        | Reached skill level 10 in Fire Magic
   975 | D        | Found a radiant altar of Vehumet.
   975 | D        | Found a shimmering blue altar of Sif Muna.
   975 | D        | Found an ancient bone altar of Kikubaaqudgha.
  1013 | D        | Found a glowing silver altar of Zin.
  1013 | D        | Found a glowing golden altar of the Shining One.
  1013 | D        | Found a white marble altar of Elyvilon.
  1015 | D        | Noticed a deep elf mage
  1018 | D        | Killed a deep elf mage
  1018 | D        | Reached skill level 10 in Conjurations
  1018 | D        | Reached XP level 8. HP: 52/57 MP: 4/21
  1129 | D        | Learned a level 3 spell: Mephitic Cloud
  1133 | D        | Learned a level 2 spell: Blink
  1139 | D        | Noticed Josephine
  1144 | D        | Killed Josephine
  1144 | D        | Reached skill level 10 in Spellcasting
  1144 | D        | Reached XP level 9. HP: 50/62 MP: 6/23
  1234 | D        | Found Gusud's Distillery.
  1440 | D        | Bought a potion of heal wounds for 50 gold pieces
  1440 | D        | Bought a potion of curing for 30 gold pieces
  1440 | D        | Bought a potion of heal wounds for 50 gold pieces
  1440 | D        | Bought 2 potions of heal wounds for 100 gold pieces
  1440 | D        | Bought a potion of lignification for 30 gold pieces
  1440 | D        | Bought a potion of ambrosia for 80 gold pieces
  1500 | D        | Noticed a deep elf mage
  1500 | D        | Noticed a deep elf mage
  1500 | D        | Noticed a deep elf knight
  1500 | D        | Noticed a deep elf mage
  1500 | D        | Noticed a deep elf knight
  1512 | D        | Killed a deep elf knight
  1512 | D        | Killed a deep elf mage
  1528 | D        | Slain by a deep elf knight

Illustrated notes

Levels and vault maps discovered:
D:        dungeon_sprint_mu [sprint_mu_entry_forest, sprint_mu_temple_rooms,
          sprint_mu_d1_horrors, sprint_mu_d2_genie, sprint_mu_d3_branching,
          sprint_mu_orc_legion, sprint_mu_elf_gauntlet, sprint_mu_hive_nellie,
          sprint_mu_lair_fedhas, sprint_mu_vaults_butterflies,
          sprint_mu_slime_circle, sprint_mu_swamp_cave, sprint_mu_snake_twists,
          sprint_mu_blade_basic, sprint_mu_crypt_lich, sprint_mu_tomb_spiral,
          sprint_mu_vestibule_basic, sprint_mu_gehenna_hellfire,
          sprint_mu_dis_giant, sprint_mu_tartarus_statrot,
          sprint_mu_cocytus_islands, sprint_mu_zot1]

Skill      XL: |  1  2  3  4  5  6  7  8  9 |
---------------+----------------------------+-----
Conjurations   | 2 3 5 6 8 9 10 11 12 | 12.3
Spellcasting   | 4 5 6 7 8 9 10 11 | 11.6
Fire Magic     | 4 5 7 8 9 11 12 | 12.6
Fighting       | 3 |  3.7
Translocations | 3 |  3.5
Poison Magic   | 2 |  2.0
Dodging        | |  1.7
Stealth        | |  1.7

Action                   |  1- 3 |  4- 6 |  7- 9 || total
-------------------------+-------+-------+-------++-------
Melee: Unarmed           |    24 |     3 |       ||    27
       Tailslap          |     3 |     5 |     2 ||    10
       Dagger            |       |    17 |    31 ||    48
Throw: Boomerang         |       |       |     1 ||     1
 Cast: Foxfire           |     7 |    19 |       ||    26
       Conjure Flame     |     1 |       |       ||     1
       Sticky Flame      |       |     4 |     1 ||     5
       Fireball          |       |     1 |    17 ||    18
 Abil: Breathe Lightning |       |       |     1 ||     1
Evoke: Wand              |       |       |     1 ||     1
  Use: Potion            |     2 |       |     3 ||     5
       Scroll            |       |       |     1 ||     1
 Stab: Sleeping          |       |     1 |       ||     1
  Eat: Ration            |       |       |     1 ||     1
Armor: Skin              |       |     4 |     6 ||    10
Dodge: Dodged            |    17 |     7 |    20 ||    44

Table legend:
 A = Non-vault XP
 B = Vault XP
 C = Vault XP percentage of total XP
 D = Non-vault monster count
 E = Vault monster count
 F = Vault count percentage of total count
                 A         B        C        D         E       F
            +---------+---------+-------+---------+---------+-------
      Total |       0 |    4512 | 100.0 |       0 |      38 | 100.0
            +---------+---------+-------+---------+---------+-------
          D |       0 |    4512 | 100.0 |       0 |      38 | 100.0
            +---------+---------+-------+---------+---------+-------
